 Dungeon Crawl Stone Soup version 0.32-a0-834-geaf45d8e21 (webtiles) character file.

Game seed: 15701553772351841054

1330 ezpacito the Chopper (level 8, 68/68 HPs)
             Began as a Coglin Chaos Knight on Mar 25, 2024.
             Was a Plaything of Xom.
             Quit the game on level 6 of the Dungeon.
             The game lasted 00:06:43 (4999 turns).

ezpacito the Chopper (Coglin Chaos Knight)          Turns: 4999, Time: 00:06:44

Health: 68/68      AC: 15    Str: 14    XL:     8   Next: 60%
Magic:  11/11      EV: 11    Int:  9    God:    Xom [.*....]
Gold:   256        SH:  0    Dex: 17    Spells: 3/11 levels left

rFire   + . .        a - +1 hand axe (chaos) {Gottfried}
rCold   . . .        t - +2 short sword (holy) {Akal}
rNeg    . . .        z - +5 ring mail {rF+}
rPois   .            (no helmet)
rElec   .            e - +0 cloak
rCorr   .            (no gloves)
SInv    .            n - +2 pair of boots
Will    .....        (amulet unavailable)
Stlth   ++           (ring unavailable)
HPRegen 0.31/turn    (ring unavailable)
MPRegen 0.12/turn    (no gizmo)

%: no passive effects
@: hasted, very quick
A: off-hand wielding, slow wielding, warmup strikes, no jewellery, agile 1,
deterioration 1, dopey 1, robust 1, inability to drink after injury 1
a: Invent Gizmo, Renounce Religion


You were on level 6 of the Dungeon.
You worshipped Xom.
You were a plaything of Xom.
You visited 1 branch of the dungeon, and saw 6 of its levels.

You collected 418 gold pieces.
You spent 162 gold pieces at shops.

Inventory:

Hand Weapons
 a - a +1 hand axe of chaos (weapon) {Gottfried}
 i - a +4 dagger of venom
 m - a +1 short sword of venom {Therese}
 r - a +0 war axe
 t - a +2 short sword of holy wrath (offhand) {Akal}
 v - a +0 trident
Missiles
 y - 5 boomerangs (quivered)
Armour
 e - a +0 cloak (worn)
 n - a +2 pair of boots (worn)
 u - a +0 plate armour
 z - a +5 ring mail of fire resistance (worn)
Magical Staves
 b - a staff of fire
 g - a staff of earth
Wands
 j - a wand of polymorph (7)
Scrolls
 c - a scroll of butterflies
 d - a scroll of amnesia
 k - a scroll of immolation
 p - a scroll of noise
 B - 2 scrolls of blinking
Potions
 f - a potion of brilliance
 w - a potion of attraction {unknown}
 x - a potion of lignification {unknown}


   Skills:
 * Level 5.0 Fighting
 * Level 5.0(5.3) Axes
 + Level 2.3(3.7) Polearms
 * Level 4.0 Armour
 * Level 3.8 Dodging
 + Level 2.3 Stealth
 + Level 2.1 Spellcasting
 + Level 1.3 Necromancy
 + Level 3.3 Evocations


You had 3 spell levels left.
You knew the following spells:

 Your Spells              Type           Power      Damage    Failure   Level
a - Dispel Undead         Necr           3%         3d7       98%         4
A - Animate Dead          Necr           3%         N/A       98%         4

Your spell library contained the following spells:

 Spells                   Type           Power      Damage    Failure   Level
 Kiss of Death            Conj/Necr      8%         2d6       43%         1
 Confusing Touch          Hex            0%         N/A       88%         3
 Tukima's Dance           Hex            0%         N/A       88%         3
 Dimensional Bullseye     Hex/Tloc       0%         N/A       99%         4
 Iskenderun's Mystic Bla  Conj/Tloc      0%         2d3       99%         4
 Haunt                    Necr/Summ      1%         N/A       100%        7
 Infestation              Necr           1%         N/A       100%        8


Dungeon Overview and Level Annotations

Branches:
Dungeon (6/15)             Temple (0/1) D:6

Altars:
Ashenzari
Elyvilon
Hepliaklqana
Kikubaaqudgha
Makhleb
Okawaru
Qazlal
Wu Jian
Zin

Shops:
D:2 (   D:3 ?


Innate Abilities, Weirdness & Mutations

You can wield a second weapon in your off-hand.
It takes a long time for you to wield or remove held weapons.
Your first few attacks do less damage.
You cannot equip rings or amulets.
You are agile. (Dex +4, Str/Int -1)
Your body sometimes deteriorates upon taking damage.
You are dopey. (Int -2)
You are robust. (+10% HP)
You occasionally lose the ability to drink potions when taking damage.


Message History

The iguana bites you but does no damage.
Something hits you but does no damage.
You barely miss something with your +1 hand axe of chaos.
You hit the iguana but do no damage. You hit something but do no damage.
You hear the rapid hiss of an avalanche of sand nearby.
Something hits you but does no damage. The iguana barely misses you.
You hit something with your +1 hand axe of chaos.
You closely miss the iguana with your +1 hand axe of chaos.
You hit something with your +2 short sword of holy wrath.
The iguana closely misses you. Something hits you but does no damage.
You hit something with your +1 hand axe of chaos.
Reactivating autopickup.
You feel a bit more experienced.
You hit the iguana but do no damage. Lightning courses through the iguana!!
You kill the iguana!
Your Fighting skill increases to level 5!
Your Armour skill increases to level 4!
You hit the orc with your +1 hand axe of chaos.
You kill the orc!
You barely miss the orc with your +1 hand axe of chaos.
The orc closely misses you.
The hiss of flowing sand is almost imperceptible now.
The orc hits you with a +0 short sword.
Items here: ))) [[ †††.
You take 3 damage, and have 62/68 hp.
You completely miss the orc with your +2 short sword of holy wrath.
You hit the orc with your +1 hand axe of chaos.
The orc suddenly seems more resistant.
The orc hits you but does no damage.
You hit the orc with your +2 short sword of holy wrath.
You kill the orc!
You now have 256 gold pieces (gained 13).
Items here: )) [ ††.
You pick up a book of Weapons and begin reading...
You add the spells Tukima's Dance, Dimensional Bullseye and Iskenderun's Mystic Blast to your library.
The walls and floor vibrate strangely for a moment.
Found a stone staircase leading up.
Health restored: 68 You feel yourself speed up.
Okay, then.
Are you sure you want to abandon this character and quit the game? (Confirm with "yes".)

.........##. #
........+. #
.....[.### #
#####.#...<.. ##
#..........##.##
#..........$..##
###...............
#...........# ###
#@########.## #..
#.# #.# #.# #.#
###.#####.# #.#
#.......))# #+#
##........#
#........#
#........#
#.......##
#########


There were no monsters in sight!

Vanquished Creatures
  A steam dragon (D:6)
  2 black bears
  2 ogres
  A centaur (D:5)
  A scorpion (D:4)
  A howler monkey (D:5)
  A bombardier beetle (D:4)
  5 hounds
  2 jellies (D:5)
  2 orc priests (D:6)
  Crazy Yiuf (D:3)
  2 iguanas
  Ijyb (D:4)
  4 orc wizards
  6 adders
  A shadow imp (D:5)
  A dart slug (D:1)
  2 ribbon worms
  12 orcs
  8 bats
  4 endoplasms
  A giant cockroach (D:1)
  5 goblins
  8 hobgoblins
  3 jackals (D:1)
  8 ball pythons
  5 frilled lizards
  11 kobolds
  4 rats
105 creatures vanquished.

Vanquished Creatures (collateral kills)
  An adder (D:4)
1 creature vanquished.

Grand Total: 106 creatures vanquished

Notes
Turn   | Place    | Note
-------+----------+-------------------------------------------
     0 | D:1      | ezpacito the Coglin Chaos Knight began the quest for the
                  | Orb.
     0 | D:1      | Reached XP level 1. HP: 18/18 MP: 1/1
    32 | D:1      | Reached skill level 1 in Dodging
   171 | D:1      | Reached XP level 2. HP: 23/24 MP: 2/2
   447 | D:1      | Reached XP level 3. HP: 29/29 MP: 3/3
   724 | D:1      | XOM: cloud trail
   928 | D:2      | Found Ysuzulov's Weapon Shop.
   949 | D:2      | Found a faded altar of an unknown god.
  1092 | D:2      | Reached XP level 4. HP: 35/35 MP: 3/5
  1417 | D:3      | XOM: smoke on damage
  1419 | D:3      | Reached skill level 1 in Evocations
  1482 | D:3      | Found an ornate altar of the Wu Jian Council.
  1569 | D:3      | XOM: 1-stop teleportation journey
  1820 | D:3      | Found an ancient bone altar of Kikubaaqudgha.
  2037 | D:3      | Found Axoyjuh's Magic Scroll Emporium.
  2045 | D:3      | Bought a scroll of enchant armour for 97 gold pieces
  2045 | D:3      | Bought a scroll of identify for 26 gold pieces
  2045 | D:3      | Bought a scroll of noise for 13 gold pieces
  2045 | D:3      | Bought a scroll of identify for 26 gold pieces
  2168 | D:3      | Reached XP level 5. HP: 13/41 MP: 6/6
  2178 | D:3      | Reached skill level 1 in Spellcasting
  2312 | D:3      | XOM: give mutation
  2312 | D:3      | Gained mutation: You are agile. (Dex +4, Str/Int -1) [Xom's
                  | mischief]
  2330 | D:3      | Found a runed translucent door.
  2331 | D:3      | Noticed Crazy Yiuf
  2452 | D:3      | XOM: smoke on damage
  2458 | D:3      | Killed Crazy Yiuf
  2459 | D:3      | Reached skill level 1 in Polearms
  2605 | D:3      | XOM: cloud trail
  2647 | D:4      | XOM: noise
  2657 | D:4      | XOM: 2-stop teleportation journey
  2665 | D:4      | Reached skill level 1 in Stealth
  2705 | D:4      | Noticed Ijyb
  2708 | D:4      | XOM: summons friendly ufetubus
  2713 | D:4      | Killed Ijyb
  2798 | D:4      | Found a burning altar of Makhleb.
  2803 | D:4      | Reached XP level 6. HP: 44/48 MP: 7/7
  2837 | D:4      | XOM: cloud trail
  2864 | D:4      | XOM: give mutations
  2864 | D:4      | Gained mutation: Your body sometimes deteriorates upon
                  | taking damage. [Xom's mischief]
  2864 | D:4      | Gained mutation: You are covered in fur. (AC +1) [Xom's
                  | mischief]
  2979 | D:4      | XOM: 1-stop teleportation journey
  2981 | D:4      | Noticed an orc warrior
  2994 | D:4      | an orc warrior changed into a ribbon worm
  3052 | D:4      | XOM: give mutations
  3052 | D:4      | Gained mutation: You are dopey. (Int -2) [Xom's mischief]
  3052 | D:4      | Gained mutation: You have hidden genetic potential. [Xom's
                  | mischief]
  3052 | D:4      | Lost mutation: You have hidden genetic potential. [Xom's
                  | mischief]
  3052 | D:4      | Gained mutation: You occasionally lose the ability to drink
                  | potions when taking damage. [Xom's mischief]
  3056 | D:4      | Found a stormy altar of Qazlal.
  3059 | D:4      | Found a broken altar of Ashenzari.
  3064 | D:4      | Found an iron altar of Okawaru.
  3066 | D:4      | Found a glowing silver altar of Zin.
  3103 | D:4      | XOM: 1-stop teleportation journey
  3344 | D:4      | XOM: silly message
  3479 | D:5      | Entered Level 5 of the Dungeon
  3486 | D:5      | XOM: silly message
  3598 | D:5      | Found a hazy altar of Hepliaklqana.
  3679 | D:5      | Reached XP level 7. HP: 40/54 MP: 9/9
  3780 | D:5      | Learned a level 4 spell: Animate Dead
  3785 | D:5      | Learned a level 4 spell: Dispel Undead
  3992 | D:5      | XOM: cast spell 'Metabolic Englaciation'
  4319 | D:6      | Noticed Blork the orc
  4340 | D:5      | XOM: smoke on damage
  4351 | D:6      | XOM: swap monsters
  4354 | D:6      | Blork the orc changed into Blork the hound
  4354 | D:6      | Noticed Blork
  4361 | D:6      | Killed Blork the hound
  4496 | D:6      | XOM: give mutations
  4496 | D:6      | Lost mutation: You are covered in fur. (AC +1) [Xom's
                  | mischief]
  4496 | D:6      | Gained mutation: You sometimes lose your temper in combat.
                  | [Xom's mischief]
  4496 | D:6      | Lost mutation: You sometimes lose your temper in combat.
                  | [Xom's mischief]
  4496 | D:6      | Gained mutation: You are robust. (+10% HP) [Xom's mischief]
  4513 | D:6      | XOM: summons 4 hostile demons
  4622 | D:6      | XOM: 1-stop teleportation journey
  4659 | D:6      | XOM: divination: detect items
  4668 | D:6      | Reached XP level 8. HP: 53/67 MP: 10/10
  4808 | D:6      | Reached skill level 1 in Necromancy
  4823 | D:6      | Found a white marble altar of Elyvilon.
  4886 | D:6      | Found a staircase to the Ecumenical Temple.
  4968 | D:6      | Reached skill level 5 in Axes
  4973 | D:6      | Reached skill level 5 in Fighting
  4999 | D:6      | Quit the game

Illustrated notes

Levels and vault maps discovered:
D:1:      heliophobic_arrival_glass_houses, layout_basic, serial_forest,
          infiniplex_forest_clump_C, infiniplex_forest_fountain,
          infiniplex_forest_pool, infiniplex_forest_clump_diagonal,
          infiniplex_forest_lined_corner, infiniplex_forest_straight_4,
          infiniplex_forest_lined_3, infiniplex_forest_clump_large,
          infiniplex_forest_lined_3_way
D:2:      layout_rooms, serial_shops, shop, basic_ecumenical_altar,
          kennysheep_nondescript, kennysheep_generic_room_6
D:3:      layout_loops_ring, nzn_wu_jian_contemplation,
          mainiacjoe_overflow_alcove_1, serial_shops, nicolae_square_shop,
          dk_noncrumbling_4, uniq_crazy_yiuf_cottage
D:4:      layout_loops_ring, nicolae_overflow_macrodata_refinement,
          makhleb_blood_cavern_becter, uniq_ijyb
D:5:      layout_gridville, lemuel_tele_altar
D:6:      layout_basic, kennysheep_ying_yang, minmay_temple_entry_stoned_glass,
          nicolae_ossuary_entry_catacombs, uniq_blork_the_orc

Skill      XL: |  1  2  3  4  5  6  7  8 |
---------------+-------------------------+-----
Dodging        | 1 2 3 |  3.8
Armour         | 2 3 4 |  4.0
Evocations     | 1 2 3 |  3.3
Spellcasting   | 1 2 |  2.1
Polearms       | 1 2 |  2.3
Stealth        | 1 2 |  2.3
Fighting       | 4 5 |  5.0
Axes           | 4 5 |  5.0
Necromancy     | 1 |  1.3

Action                     |  1- 3 |  4- 6 |  7- 9 || total
---------------------------+-------+-------+-------++-------
  Melee: Hand axe          |    74 |    86 |   106 ||   266
         Dagger            |    30 |       |       ||    30
         Short sword       |    39 |    90 |   103 ||   232
  Evoke: Wand              |       |       |     1 ||     1
    Use: Scroll            |       |     5 |     4 ||     9
         Potion            |       |     3 |     2 ||     5
   Stab: Sleeping          |     1 |     3 |       ||     4
         Confused          |     1 |     1 |       ||     2
         Paralysed         |     1 |       |       ||     1
 Armour: Leather armour    |    46 |    61 |       ||   107
         Skin              |       |     4 |       ||     4
         Ring mail         |       |       |   140 ||   140
  Dodge: Dodged            |    55 |    36 |   126 ||   217

Table legend: (Time is in decaauts)
 A = Elapsed time spent in this place.
 B = Non-inter-level travel time spent in this place.
 C = Inter-level travel time spent in this place.
 D = Time resting spent in this place.
 E = Time spent auto-exploring this place.
 F = Levels seen in this place.
 G = Mean time per level.
                   A        B        C        D        E       F      G
               +--------+--------+--------+--------+--------+-----+--------+
         Total |   4998 |   4763 |    235 |    339 |   3563 |   6 |  833.0 |
       Dungeon |   4998 |   4763 |    235 |    339 |   3563 |   6 |  833.0 |
               +--------+--------+--------+--------+--------+-----+--------+

Top non-repeatable levels by time:
     D:3: 1289 daAuts
     D:1: 935 daAuts
     D:5: 856 daAuts
     D:4: 819 daAuts
     D:6: 668 daAuts
     D:2: 431 daAuts
